 Dungeon Crawl Stone Soup version bcrawl-1.40.3b (webtiles) character file.

Game seed: 14048911441408918499

101091 rumpelstilzz the Chucker (level 3, -5/35 HPs)
             Began as a Troll Hunter on Feb 12, 2024.
             Slain by Purgy (7 damage)
             ... on level 3 of the Dungeon.
             The game lasted 00:02:55 (1757 turns).

rumpelstilzz the Chucker (Troll Hunter)             Turns: 1757, Time: 00:02:56

Health: -5/35      AC:  5    Str: 18    XL:     3   Next: 50%
Magic:  2/2        EV: 10    Int: 13    God:
Gold:   210        SH:  0    Dex: 10    Spells: 2/2 levels left

rFire    + . .     GDR:     26% a - +2 mace (holy)
rCold    x . .     SeeInvis .   (no shield)
rNeg     . . .     Gourm    +   (armour unavailable)
rPois    .         Faith    .   (helmet restricted)
rElec    +         Spirit   .   (no cloak)
rCorr    .         Reflect  .   (gloves unavailable)
MR       .....                  (boots unavailable)
Stlth    +.........             (no amulet)
HPRegen  0.15/turn              g - ring of Nat Dath {Fire rElec Str-2 Int+4}
MPRegen  0.08/turn              (no ring)

@: very slightly contaminated
A: large, almost no armour, claws 3, fast metabolism 3, gourmand, AC +5
a: no special abilities


You were on level 3 of the Dungeon.
You were completely stuffed.

You visited 1 branch of the dungeon, and saw 3 of its levels.

You collected 210 gold pieces.

Inventory:

Hand Weapons
 a - a +2 mace of holy wrath (weapon)
Missiles
 b - 119 large rocks (quivered)
 c - 2 throwing nets {=f}
 d - 586 stones
Jewellery
 g - the ring of Nat Dath (left claw) {Fire rElec Str-2 Int+4}
   (You found it on level 1 of the Dungeon)

   [ring of fire]

   It enhances your fire magic.
   It affects your strength (-2).
   It affects your intelligence (+4).
   It protects you from fire.
   It makes you vulnerable to cold.
   It insulates you from electricity.
Scrolls
 f - a scroll of teleportation
 i - a scroll of identify
Potions
 h - a potion of heal wounds {unknown}
 j - a potion of mutation {unknown}
 n - 2 potions of curing {unknown}
Comestibles
 e - 5 rations {!d}


   Skills:
 + Level 1.9 Fighting
 + Level 1.8 Maces & Flails
 + Level 4.1 Throwing
 + Level 1.6 Dodging
 + Level 0.5 Stealth


You had 2 spell levels left.
You didn't know any spells.
Your spell library was empty.

Dungeon Overview and Level Annotations

Branches:
Dungeon (3/12)

Altars:
Trog
Vehumet

Annotations:
D:3 Jessica, Purgy, Terence


Innate Abilities, Weirdness & Mutations

You cannot wear most types of armour.
Your thick skin is tough. (AC +5)
You are too large for most types of armour.
You have claws for hands.
Your metabolism is lightning-fast.
You like to eat raw meat.


Message History

Purgy is lightly wounded.
Purgy bites you. Purgy barely misses you. Purgy claws you.
Terence hits you with a +2 short sword of holy wrath.
You closely miss Purgy.
Purgy is lightly wounded.
Purgy bites you.
* * * LOW HITPOINT WARNING * * *
Purgy claws you.
* * * LOW HITPOINT WARNING * * *
Purgy claws you.
* * * LOW HITPOINT WARNING * * *
Terence hits you but does no damage. Purgy bites you.
* * * LOW HITPOINT WARNING * * *
Purgy claws you but does no damage. Purgy closely misses you.
You closely miss Purgy.
Terence hits you with a +2 short sword of holy wrath.
* * * LOW HITPOINT WARNING * * *
Purgy snarls, "Go!
Away!"
Purgy bites you!
You die...

....go....#
..........#
.....g....##
...........#
#########.o#######
#ggr......
#lg#...... ##T#
.#### #@# #$[! #@#
?($ #.# ?! #.# #
#.# #.# #.# ...


You could see Purgy (inner flame), Terence, an orc (inner flame), a leopard
gecko (inner flame), a quokka (inner flame), a hobgoblin (inner flame) and 2
goblins.

Vanquished Creatures
  4 worms
  3 bats
  6 goblins
  5 hobgoblins
  9 kobolds
  7 rats
34 creatures vanquished.

Notes
Turn   | Place    | Note
-------+----------+-------------------------------------------
     0 | D:1      | rumpelstilzz the Troll Hunter began the quest for the Orb.
     0 | D:1      | Reached XP level 1. HP: 19/19 MP: 0/0
    35 | D:1      | Got a scorched tin ring
   338 | D:1      | Reached XP level 2. HP: 28/28 MP: 1/1
   478 | D:1      | Reached skill level 4 in Throwing
   907 | D:2      | Reached skill level 1 in Maces & Flails
   958 | D:2      | Reached XP level 3. HP: 21/35 MP: 2/2
   966 | D:2      | Identified the ring of Nat Dath {Fire rElec Str-2 Int+4}
                  | (You found it on level 1 of the Dungeon)
  1625 | D:2      | Found a bloodstained altar of Trog.
  1707 | D:2      | Found a radiant altar of Vehumet.
  1743 | D:3      | Noticed Purgy
  1743 | D:3      | Noticed Jessica
  1745 | D:3      | Noticed Terence
  1757 | D:3      | Slain by Purgy

Skill      XL: |  1  2 |
---------------+-------+-----
Throwing       | 4 |  4.1
Maces & Flails | 1 |  1.8
Fighting       | |  1.9
Dodging        | |  1.6
Stealth        | |  0.5

Action                   || total
-------------------------++-------
Melee: Mace              ||    83
       Short sword       ||     2
Throw: Large rock        ||     1
  Use: Scroll            ||     5
 Stab: Sleeping          ||     1
  Eat: Chunk             ||    19
Armor: Skin              ||    37
Dodge: Dodged            ||    43
